 Dungeon Crawl Stone Soup version 0.13.0-6-g40e4d2d (webtiles) character file.

65832 HungrySpirit the Unseen (level 14, 0/69 HPs)
             Began as a Spriggan Enchanter on Oct 14, 2013.
             Was the Champion of Okawaru.
             Slain by a harpy (10 damage)
             ... on Level 1 of the Shoals.
             The game lasted 02:29:35 (33126 turns).

HungrySpirit the Unseen (Spriggan Enchanter)       Turns: 33126, Time: 02:29:35

HP   0/69        AC  7     Str  6      XL: 14   Next: 70%
MP  32/34        EV 35     Int 20      God: Okawaru [******]
Gold 1713        SH  0     Dex 19      Spells:  4 memorised, 18 levels left

Res.Fire  : + + .   See Invis. : +   M - +9,+5 quick blade "Xiamytot" {stab, rF+}
Res.Cold  : + + .   Warding    : .   v - +0 robe {rC+ rF+}
Life Prot.: . . .   Conserve   : .   (shield restricted)
Res.Poison: +       Res.Corr.  : .   a - +2 wizard hat {Int+3}
Res.Elec. : .       Clarity    : +   p - +0 cloak
Sust.Abil.: . .     Spirit.Shd : .   (gloves unavailable)
Res.Mut.  : .       Stasis     : .   (boots unavailable)
Res.Rott. : .       Flight     : .   E - amulet of clarity
Saprovore : . . .                    h - ring of poison resistance
                                     F - cursed ring of protection from cold

@: heroism, very quick, very resistant to hostile enchantments, incredibly
stealthy
A: unfitting armour, see invisible, herbivore 3, speed 3, slow metabolism 2, AC
+2
a: Heroism, Finesse, Renounce Religion


You were on level 1 of the Shoals.
You worshipped Okawaru.
Okawaru was exalted by your worship.
You were full.

You visited 5 branches of the dungeon, and saw 27 of its levels.

You collected 2200 gold pieces.
You spent 507 gold pieces at shops.

Inventory:

Hand weapons
 M - the +9,+5 quick blade "Xiamytot" (weapon) {stab, rF+}
   (Okawaru gifted it to you on level 6 of the Lair of Beasts)

   It inflicts extra damage upon your enemies.
   It protects you from fire.
Armour
 a - a +2 wizard hat of intelligence (worn)
 p - a +0 cloak (worn)
 v - a +0 robe of resistance (worn)
Magical devices
 g - a wand of invisibility (7)
 k - a wand of teleportation (7)
 o - a wand of heal wounds (5)
Scrolls
 b - a scroll of recharging
 l - 5 scrolls of teleportation
 r - 5 scrolls of remove curse
 A - 2 scrolls of enchant weapon III
Jewellery
 h - a ring of poison resistance (right hand)
 m - an uncursed ring of protection from magic {unknown}
 x - an uncursed ring of flight
 E - an amulet of clarity (around neck)
 F - a cursed ring of protection from cold (left hand)
Potions
 e - a potion of agility
 f - 5 potions of might
 i - 7 potions of curing
 j - 3 potions of restore abilities
 n - a potion of magic {unknown}
 t - 5 potions of heal wounds
 w - a potion of resistance {unknown}
Books
 J - a book of Wizardry

   Spells                             Type                      Level
   Summon Elemental                   Summoning                    4
   Agony                              Necromancy                   5
   Force Lance                        Conjuration                  5
   Fireball                           Conjuration/Fire             5
   Haste                              Charms                       6
   *Invisibility                      Hexes                        6


   Skills:
 + Level 8.1(13.1) Fighting
 + Level 14.5(19.5) Short Blades
 - Level 1.1(6.1) Throwing
 - Level 13.3(18.3) Dodging
 - Level 19.0(24.0) Stealth
 - Level 9.4 Spellcasting
 - Level 12.1 Hexes


You had 18 spell levels left.
You knew the following spells:

 Your Spells              Type           Power        Failure   Level  Hunger
b - Ensorcelled Hibernat  Hex/Ice        ####..       1%          2    None
c - Confuse               Hex            ######..     1%          3    None
d - Blink                 Tloc           N/A          14%         2    None
e - Invisibility          Hex            ######..     10%         6    ######.


Dungeon Overview and Level Annotations

Branches:
Dungeon (13/27)            Temple (1/1) D:7             Orc (4/4) D:11
    Elf (0/3) Orc:3          Lair (8/8) D:8          Shoals (1/5) Lair:4
 Spider (0/5) Lair:5        Slime (0/6) Lair:8

Altars:
Ashenzari
Cheibriados
Fedhas
Kikubaaqudgha
Makhleb
Nemelex Xobeh
Okawaru
Sif Muna
Trog
Vehumet
Xom
Yredelemnul
the Shining One

Shops:
D:9 [   Orc:1 /   Orc:4 =}!=

Annotations:
D:3 Moggul's ghost, average CeFi
D:5 Grinder
Lair:1 exclusions: 3 doors, oklob plant and 2 more exclusions
Lair:5 Nergalle
Lair:6 exclusion: oklob plant


Innate Abilities, Weirdness & Mutations

You are tiny and cannot use many weapons and most armour.
You have supernaturally acute eyesight.
You are a herbivore.
You cover ground extremely quickly.
You need consume almost no food.
You are partially covered in thin metallic scales (AC +2).


Message History

You completely miss the sea snake. The harpy claws you!
The harpy barely misses you. The harpy completely misses you.
The harpy completely misses you. The harpy closely misses you.
The harpy completely misses you. The harpy claws you but does no damage.
The harpy completely misses you.
Use which ability? (? or * to list)
You gain the combat prowess of a mighty hero.
You feel slightly less full. The harpy completely misses you.
The harpy misses you. The harpy completely misses you.
The harpy completely misses you. The sea snake barely misses you.
Drink which item? (? for menu, Esc to quit)
You feel much better. The harpy claws you! The harpy completely misses you.
The harpy misses you. The harpy claws you. The harpy lunges at you hungrily!
The harpy claws you!
* * * LOW HITPOINT WARNING * * *
The harpy misses you.
The merfolk hits you from afar with a trident.
* * * LOW HITPOINT WARNING * * *
The sea snake completely misses you. The harpy claws you!
You die...

≈≈≈≈≈≈≈≈ ≈≈≈≈≈≈≈≈≈≈≈≈≈≈≈
≈≈≈≈≈≈≈≈≈ ≈≈≈≈≈≈≈≈≈≈≈≈≈≈≈≈≈
≈≈≈≈≈≈≈≈≈≈≈≈≈≈≈≈≈≈≈≈≈≈≈≈≈≈≈≈
.≈≈≈≈≈≈≈≈≈≈≈≈≈≈≈≈≈≈≈≈≈≈≈≈≈≈≈
..≈≈≈≈≈≈≈≈≈≈≈≈≈≈≈≈≈≈≈≈≈≈≈≈≈≈
#.≈≈≈≈≈≈≈≈≈≈≈≈≈≈...Hm≈≈≈≈≈≈≈≈
#..≈≈≈≈≈≈≈≈≈≈≈≈.m###.≈≈≈≈≈≈≈≈
..≈)≈≈≈≈≈≈≈≈≈≈≈SH# #%H≈≈≈≈≈≈≈
..≈≈≈≈≈≈≈≈≈≈≈≈≈H@###..≈≈≈≈≈≈≈
#.≈≈≈≈≈≈≈≈≈≈..≈.....≈≈≈≈≈≈≈≈
#..≈≈≈≈≈≈≈≈.......≈≈≈≈≈≈≈≈≈≈
.≈≈≈≈≈≈≈≈≈≈.##....≈≈≈≈≈≈≈≈≈≈
≈≈≈≈≈....≈≈.###.≈≈≈≈≈≈≈≈≈≈≈
≈≈≈≈≈##..≈≈≈≈...≈≈≈≈≈≈≈≈≈≈
≈≈≈≈≈.##.≈≈≈..(..≈≈≈≈≈≈≈.
≈≈≈≈≈≈≈...≈≈≈.##.≈≈.≈≈≈
≈≈≈≈≈≈≈...≈≈≈..#.....≈≈


You could see a sea snake, a merfolk and 2 harpies.

Vanquished Creatures
  Donald (Orc:4)
  Gastronok (D:9)
  Fannar (Orc:2)
  Harold (Lair:4)
  3 hydras
  Nessos (D:13)
  4 ogre magi (Orc:4)
  3 death yaks (Lair:8)
  An orc high priest (Orc:3)
  The ghost of MirrMurr the Covert, an experienced SpEn of Ashenzari (D:9)
  Erolcha (Orc:3)
  A deep troll (Orc:3)
  3 hill giants
  A giant amoeba (D:13)
  Joseph (Orc:1)
  2 orc knights (Orc:3)
  A harpy (Shoals:1)
  A wolf spider (Lair:5)
  3 griffons
  An orc sorcerer (Orc:3)
  A spiny worm (Lair:8)
  3 black mambas
  Maurice (Orc:3)
  A guardian serpent (D:11)
  Psyche (Orc:3)
  17 spiny frogs
  2 fire drakes
  7 komodo dragons
  5 trolls
  2 wandering mushrooms (D:8)
  A jumping spider (Lair:5)
  A polar bear (D:8)
  8 blink frogs
  Prince Ribbit (Orc:1)
  5 giant leeches (Lair:8)
  16 two-headed ogres
  3 grizzly bears
  A snapping turtle (Shoals:1)
  4 brown oozes (Lair:8)
  A redback (Lair:5)
  30 yaks
  7 ugly things (D:13)
  4 basilisks
  5 sharks (Lair:8)
  Eustachio (D:7)
  An elephant slug (Lair:7)
  3 wraiths (D:9)
  10 wolves
  3 hungry ghosts
  5 vampire mosquitoes (Lair:8)
  2 merfolk (Shoals:1)
  A mottled dragon (D:12)
  5 hippogriffs
  Edmund (D:7)
  3 manticores
  5 human zombies (D:9)
  3 sky beasts
  9 orc warriors
  3 giant goldfish (Lair:8)
  5 ice beasts
  8 porcupines
  A black bear (D:13)
  A boring beetle (Lair:7)
  2 phantoms (D:13)
  6 centaurs
  27 ogres
  Duvessa (D:5)
  11 crocodiles
  6 giant slugs
  A big kobold (D:12)
  A gnoll sergeant (D:13)
  4 wargs
  36 giant frogs
  11 water moccasins
  7 agate snails
  11 killer bees
  5 wights (D:10)
  A yak zombie (D:7)
  A troll zombie (D:13)
  A yak skeleton (D:8)
  3 electric eels
  4 jellies
  2 giant frog zombies
  A goliath beetle (D:9)
  Dowan (D:5)
  11 crimson imps
  A gnoll shaman (D:7)
  8 hounds
  18 orc priests
  2 spiders (Lair:5)
  29 orc wizards
  9 worker ants
  A soldier ant zombie (D:12)
  9 iguanas
  2 orange rats (Lair:2)
  7 sheep (Lair:6)
  A brain worm zombie (D:13)
  Ijyb (D:5)
  An ogre skeleton (D:7)
  2 mummies (D:9)
  A worker ant zombie (D:8)
  20 gnolls
  28 green rats
  2 giant centipedes
  26 adders
  3 giant mites
  3 worms
  A white imp (D:8)
  An ogre simulacrum (D:8)
  A worker ant simulacrum (D:8)
  2 ufetubi (D:8)
  A human skeleton (D:9)
  An adder skeleton (D:6)
  A giant centipede zombie (D:12)
  An iguana skeleton (D:8)
  A scorpion simulacrum (D:8)
  3 giant eyeballs
  4 giant geckos
  123 orcs
  2 ball pythons (D:3)
  30 bats
  19 hobgoblins
  22 jackals
  11 quokkas
  5 giant cockroaches
  3 giant newts
  20 goblins
  A hobgoblin zombie (D:8)
  24 kobolds
  A kobold skeleton (D:4)
  A kobold zombie (D:8)
  An orc zombie (D:9)
  14 rats
  3 rat skeletons
  4 fungi
  A plant (Lair:8)
859 creatures vanquished.

Vanquished Creatures (others)
  A jackal (Lair:4)
  29 fungi
  22 plants (Lair:8)
52 creatures vanquished.

Grand Total: 911 creatures vanquished

Notes
Turn   | Place    | Note
--------------------------------------------------------------
     0 | D:1      | HungrySpirit, the Spriggan Enchanter, began the quest for the Orb.
     0 | D:1      | Reached XP level 1. HP: 9/9 MP: 4/4
   189 | D:1      | Reached skill level 4 in Hexes
   203 | D:1      | Reached XP level 2. HP: 1/13 MP: 6/6
  1095 | D:1      | Learned a level 2 spell: Ensorcelled Hibernation
  1629 | D:2      | Reached XP level 3. HP: 16/16 MP: 9/9
  1850 | D:2      | Reached skill level 5 in Hexes
  2023 | D:2      | Reached XP level 4. HP: 21/21 MP: 8/12
  2359 | D:2      | Found a bloodstained altar of Trog.
  2959 | D:3      | Noticed Moggul's ghost (average CeFi)
  3224 | D:3      | Learned a level 3 spell: Confuse
  3259 | D:3      | Reached XP level 5. HP: 24/24 MP: 0/15
  3998 | D:3      | Reached skill level 5 in Stealth
  4978 | D:4      | Reached skill level 5 in Dodging
  4978 | D:4      | Reached XP level 6. HP: 28/28 MP: 7/18
  5517 | D:4      | Reached skill level 6 in Stealth
  5640 | D:5      | Entered Level 5 of the Dungeon
  5644 | D:5      | Noticed Ijyb
  5651 | D:5      | Killed Ijyb
  5810 | D:5      | Noticed Grinder
  6235 | D:5      | Reached XP level 7. HP: 28/32 MP: 16/20
  6273 | D:5      | Reached skill level 7 in Stealth
  6365 | D:5      | Noticed Duvessa
  6365 | D:5      | Noticed Dowan
  6371 | D:5      | Killed Dowan
  6431 | D:5      | Killed Duvessa
  6431 | D:5      | Reached skill level 5 in Short Blades
  6431 | D:5      | Reached skill level 8 in Stealth
  7912 | D:7      | Learned a level 2 spell: Blink
  7968 | D:7      | Noticed Edmund
  8000 | D:7      | Killed Edmund
  8000 | D:7      | Reached XP level 8. HP: 32/36 MP: 6/21
  8019 | D:7      | Noticed Eustachio
  9057 | D:7      | Paralysed by a giant eyeball for 2 turns
  9062 | D:6      | Paralysed by a giant eyeball for 3 turns
  9449 | D:7      | Found a staircase to the Ecumenical Temple.
  9454 | Temple   | Entered the Ecumenical Temple
  9482 | Temple   | Became a worshipper of Warmaster Okawaru
  9584 | D:7      | Reached skill level 9 in Stealth
  9612 | D:7      | Killed Eustachio
 10083 | D:7      | Reached skill level 10 in Stealth
 10155 | D:8      | Reached XP level 9. HP: 39/39 MP: 22/22
 10164 | D:8      | Noticed a wandering mushroom
 10166 | D:8      | Found a staircase to the Lair.
 10168 | D:8      | Noticed a wandering mushroom
 10171 | D:8      | Killed a wandering mushroom
 10174 | D:8      | Killed a wandering mushroom
 10223 | D:8      | Reached skill level 11 in Stealth
 10226 | D:8      | Noticed a polar bear
 10234 | D:8      | Killed a polar bear
 11492 | Lair:1   | Entered Level 1 of the Lair of Beasts
 11518 | Lair:1   | Noticed a spiny frog
 11525 | Lair:1   | Killed a spiny frog
 11525 | Lair:1   | Acquired Okawaru's first power
 11684 | Lair:1   | Noticed an oklob plant
 11729 | Lair:1   | Noticed an eight-headed hydra
 12064 | Lair:1   | Noticed a black mamba
 12405 | Lair:2   | Reached XP level 10. HP: 44/44 MP: 25/25
 13276 | Lair:3   | Reached skill level 5 in Spellcasting
 13347 | Lair:3   | Reached skill level 1 in Fighting
 13827 | Lair:4   | Found a staircase to the Shoals.
 13827 | Lair:4   | Noticed a griffon
 13863 | Lair:3   | Noticed a black mamba
 14107 | Lair:4   | Killed a griffon
 14526 | Lair:4   | Noticed a six-headed hydra
 14533 | Lair:4   | Noticed Harold
 14601 | Lair:4   | Reached skill level 12 in Stealth
 14747 | Lair:4   | Killed Harold
 14747 | Lair:4   | Reached skill level 5 in Fighting
 14747 | Lair:4   | Reached XP level 11. HP: 44/51 MP: 22/30
 14801 | Lair:4   | Noticed a five-headed hydra
 14885 | Lair:4   | Identified the Collected Works on Floating Blows and Bruises
 14941 | Lair:5   | Noticed Nergalle
 15189 | Lair:6   | Acquired Okawaru's second power
 15279 | Lair:6   | Learned a level 6 spell: Invisibility
 15447 | Lair:6   | Reached skill level 10 in Dodging
 15796 | Lair:6   | Found a blossoming altar of Fedhas.
 15909 | Lair:6   | Noticed a five-headed hydra
 16312 | Lair:5   | Noticed a four-headed hydra
 16949 | Lair:5   | Found a hole to the Spider Nest.
 17088 | Lair:6   | Noticed a death yak
 17091 | Lair:6   | Noticed a death yak
 17092 | Lair:6   | Noticed a death yak
 17092 | Lair:6   | Noticed a death yak
 17094 | Lair:6   | Noticed a death yak
 17094 | Lair:6   | Noticed a death yak
 17582 | Lair:6   | Killed a five-headed hydra
 17582 | Lair:6   | Received a gift from Okawaru
 17585 | Lair:6   | Got an iridescent quick blade {god gift}
 17586 | Lair:6   | Identified the quick blade "Xiamytot" {god gift, stab, rF+} (Okawaru gifted it to you on level 6 of the Lair of Beasts)
 17800 | Lair:7   | Reached skill level 10 in Short Blades
 17996 | Lair:7   | Gained mutation: You are partially covered in thin metallic scales (AC +2). [potion of beneficial mutation]
 18013 | Lair:8   | Entered Level 8 of the Lair of Beasts
 18097 | Lair:7   | Reached XP level 12. HP: 56/59 MP: 22/32
 18168 | Lair:7   | Noticed a five-headed hydra
 18175 | Lair:7   | Killed a five-headed hydra
 18586 | Lair:8   | Noticed a death yak
 18586 | Lair:8   | Noticed a death yak
 18586 | Lair:8   | Noticed a death yak
 18638 | Lair:8   | Found a staircase to the Slime Pits.
 19035 | Lair:8   | Reached skill level 13 in Stealth
 19615 | Lair:8   | Reached skill level 14 in Stealth
 19712 | Lair:8   | Received a gift from Okawaru
 19715 | Lair:8   | Got a brightly glowing sabre {god gift}
 19795 | Lair:8   | Identified the sabre of Stickiness {god gift, flame, rPois MR++ Dex+2 SInv} (Okawaru gifted it to you on level 8 of the Lair of Beasts)
 20294 | Lair:8   | Reached skill level 15 in Stealth
 20505 | Lair:8   | Noticed a six-headed hydra
 20520 | Lair:8   | Killed a six-headed hydra
 20520 | Lair:8   | Reached XP level 13. HP: 64/64 MP: 15/33
 20676 | Lair:8   | Killed a death yak
 21074 | Lair:8   | Reached skill level 16 in Stealth
 21178 | Lair:8   | Received a gift from Okawaru
 21825 | Lair:8   | Killed a death yak
 22135 | Lair:8   | Killed a death yak
 23018 | D:9      | Noticed MirrMurr's ghost (experienced SpEn)
 23067 | D:9      | Killed MirrMurr's ghost
 23067 | D:9      | Reached skill level 17 in Stealth
 23069 | D:9      | Found a radiant altar of Vehumet.
 23162 | D:9      | Found Ufaloga's Armour Shoppe.
 23512 | D:9      | Found an ancient bone altar of Kikubaaqudgha.
 23578 | D:9      | Noticed Gastronok
 23769 | D:9      | Killed Gastronok
 24056 | D:10     | Entered Level 10 of the Dungeon
 24802 | D:11     | Found a staircase to the Orcish Mines.
 25671 | D:12     | Reached skill level 18 in Stealth
 25973 | D:12     | Received a gift from Okawaru
 27214 | D:13     | Found a shimmering altar of Xom.
 27216 | D:13     | Found a shimmering altar of Xom.
 27223 | D:13     | Found a shimmering altar of Xom.
 27223 | D:13     | Found a shimmering altar of Xom.
 27224 | D:13     | Found a shimmering altar of Xom.
 27236 | D:13     | Reached skill level 10 in Hexes
 27301 | D:13     | Noticed Nessos
 27416 | D:13     | Killed Nessos
 27416 | D:13     | Reached XP level 14. HP: 69/69 MP: 34/34
 27539 | D:13     | WildSam: !!!!!
 27545 | D:13     | WildSam: 144+ dmg
 27561 | D:13     | HungrySpirit: =)
 28227 | Orc:1    | Entered Level 1 of the Orcish Mines
 28252 | Orc:1    | Noticed Joseph
 28260 | Orc:1    | Killed Joseph
 28519 | Orc:2    | Noticed Fannar
 28543 | Orc:2    | Killed Fannar
 28543 | Orc:2    | Received a gift from Okawaru
 28882 | Orc:1    | Found Suots' Magical Wand Shop.
 28892 | Orc:1    | Noticed Prince Ribbit
 28910 | Orc:1    | Killed Prince Ribbit
 28928 | Orc:1    | Bought a wand of teleportation (7) for 495 gold pieces
 28933 | Orc:1    | Found an iron altar of Okawaru.
 29293 | Orc:3    | Noticed Erolcha
 29293 | Orc:3    | Noticed Psyche
 29294 | Orc:3    | Killed Psyche
 29297 | Orc:3    | Killed Erolcha
 29326 | Orc:3    | Noticed Maurice
 29334 | Orc:3    | Killed Maurice
 29484 | Orc:3    | Found a staircase to the Elven Halls.
 30415 | Orc:4    | Entered Level 4 of the Orcish Mines
 30858 | Orc:4    | Noticed Donald
 31459 | Orc:4    | Killed Donald
 31610 | Orc:4    | Found Bojunkay's Distillery.
 31622 | Orc:4    | Found Veicad's Gadget Emporium.
 31622 | Orc:4    | Found Loqoigy's Jewellery Shop.
 31624 | Orc:4    | Found Usak's Jewellery Boutique.
 31784 | Orc:4    | Bought a potion of porridge for 12 gold pieces
 31796 | Orc:4    | Received a gift from Okawaru
 32600 | Shoals:1 | Entered Level 1 of the Shoals
 32813 | Shoals:1 | Reached skill level 19 in Stealth
 33126 | Shoals:1 | Slain by a harpy

Action                   |  1- 3 |  4- 6 |  7- 9 | 10-12 | 13-15 || total
-------------------------+-------+-------+-------+-------+-------++-------
Melee: Dagger            |   147 |   263 |   340 |   306 |       ||  1056
       Quick blade       |       |       |       |   377 |  1414 ||  1791
Throw: Dart              |     9 |       |       |       |       ||     9
 Cast: Ensorcelled Hiber |     7 |    76 |    72 |   249 |   154 ||   558
       Confuse           |       |    19 |    42 |    39 |    89 ||   189
       Blink             |       |       |     1 |     2 |       ||     3
Invok: Heroism           |       |       |       |       |     1 ||     1
Evoke: Wand              |       |       |     9 |     1 |     8 ||    18
  Use: Potion            |       |     1 |       |     4 |     5 ||    10
       Scroll            |       |     7 |    17 |     8 |    12 ||    44
 Stab: Sleeping          |     4 |    41 |    58 |   136 |   145 ||   384
       Confused          |       |     7 |    17 |    19 |    31 ||    74
       Distracted        |       |     1 |     4 |     2 |    13 ||    20
       Fleeing           |       |       |       |     1 |       ||     1
       Invisible         |       |       |       |       |    16 ||    16
